 Dungeon Crawl Stone Soup version 0.28-a0-957-g42eb19b844 (webtiles) character file.

Game seed: 9717194903596284422

2 horus123 the Grave Robber (level 1, -1/13 HPs)
             Began as a Demonspawn Necromancer on Dec 1, 2021.
             Slain by an adder (5 damage)
             ... on level 2 of the Dungeon.
             The game lasted 00:00:34 (53 turns).

horus123 the Grave Robber (Demonspawn Necromancer)    Turns: 53, Time: 00:00:34

Health: -1/13      AC:  2    Str:  8    XL:     1   Next: 25%
Magic:  0/3        EV: 12    Int: 16    God:
Gold:   0          SH:  0    Dex: 13    Spells: 3/4 levels left

rFire   . . .      SeeInvis .   (no weapon)
rCold   . . .      Faith    .   (no shield)
rNeg    . . .      Spirit   .   a - +0 robe
rPois   .          Reflect  .   (no helmet)
rElec   .          Harm     .   (no cloak)
rCorr   .          Rampage  .   (no gloves)
Will    .....                   (no boots)
Stlth   ++........              (no amulet)
HPRegen 0.04/turn               (no ring)
MPRegen 0.08/turn               (no ring)

@: no status effects
A: no striking features
a: no special abilities


You were on level 2 of the Dungeon.
You visited 1 branch of the dungeon, and saw 2 of its levels.

Inventory:

Armour
 a - a +0 robe (worn)


   Skills:
 + Level 1.8 Dodging
 + Level 1.7 Stealth
 + Level 2.0 Spellcasting
 + Level 4.4 Necromancy


You had 3 spell levels left.
You knew the following spells:

 Your Spells              Type           Power      Damage    Failure   Level
a - Pain                  Necr           60%        1d7       3%          1

Your spell library contained the following spells:

 Spells                   Type           Power      Damage    Failure   Level
 Animate Skeleton         Necr           30%        N/A       3%          1
 Vampiric Draining        Necr           15%        2d7       10%         3
 Gell's Gravitas          Tloc           1%         N/A       52%         3
 Teleport Other           Tloc           1%         N/A       52%         3
 Animate Dead             Necr           7%         N/A       32%         4
 Agony                    Necr           15%        N/A       67%         5
 Dispersal                Tloc           0%         N/A       100%        6


Dungeon Overview and Level Annotations

Branches:
Dungeon (2/15)

Altars:


Message History

There is an escape hatch in the floor here.
A frilled lizard, a giant cockroach, a hobgoblin and a dart slug come into view.
Okay, then.
The frilled lizard hisses angrily.
The frilled lizard writhes in agony.
You kill the frilled lizard!
The hobgoblin barely resists.
The hobgoblin writhes in agony.
Unknown command.
Okay, then.
The giant cockroach bites you but does no damage.
The giant cockroach bites you but does no damage.
Aiming: Pain (safe; 3% risk of failure)
Press: ? - help, Q - select action Shift-Dir - straight line, f/p - hobgoblin
Aim: a hobgoblin (almost dead, chance to affect: 85%)
The giant cockroach writhes in agony.
The giant cockroach bites you.
Unknown command.
The giant cockroach barely misses you.
You aren't carrying any potions.
There is an escape hatch in the floor here.
The giant cockroach bites you.
You slide downwards.
The hatch slams shut behind you.
Found a scroll labelled OHEUSH RUESEO.
The giant cockroach bites you but does no damage.
The adder hisses angrily.
The goblin shouts!
The adder barely misses you.
A quokka comes into view.
The adder bites you but does no damage. The adder closely misses you.
A goblin comes into view. It is wielding a +0 dagger.
The giant cockroach closely misses you. The quokka bites you.
Aiming: Pain (safe; 3% risk of failure)
Press: ? - help, Q - select action Shift-Dir - straight line, f - goblin
Aim: a goblin, wielding a +0 dagger (chance to affect: 85%)
The goblin writhes in agony.
You kill the goblin!
The quokka barely misses you. The adder bites you.
You die...

..# .#####
#.# ......
#.# ......
#.#
......##.##
.......#..
.......#.#
.......B@#
......rS##
.....g.)#
........#
........#
........#
....?...#
........#
........#


You could see an adder, a quokka, a giant cockroach and a goblin.

Vanquished Creatures
  A goblin (D:2)
  A frilled lizard (D:1)
2 creatures vanquished.

Notes
Turn   | Place    | Note
-------+----------+-------------------------------------------
     0 | D:1      | horus123 the Demonspawn Necromancer began the quest for the
                  | Orb.
     0 | D:1      | Reached XP level 1. HP: 13/13 MP: 3/3
    53 | D:2      | Slain by an adder

Illustrated notes

Levels and vault maps discovered:
D:1:      minmay_arrival_jagged, layout_basic, chequers_ecumenical_altar_island
D:2:      layout_basic

Action                   || total
-------------------------++-------
 Cast: Pain              ||     5
Armor: Robe              ||     4
Dodge: Dodged            ||     5

Table legend: (Time is in decaauts)
 A = Elapsed time spent in this place.
 B = Non-inter-level travel time spent in this place.
 C = Inter-level travel time spent in this place.
 D = Time resting spent in this place.
 E = Time spent auto-exploring this place.
 F = Levels seen in this place.
 G = Mean time per level.
                   A        B        C        D        E       F      G
               +--------+--------+--------+--------+--------+-----+--------+
         Total |     52 |     52 |      0 |      0 |     19 |   2 |   26.0 |
       Dungeon |     52 |     52 |      0 |      0 |     19 |   2 |   26.0 |
               +--------+--------+--------+--------+--------+-----+--------+

Top non-repeatable levels by time:
     D:1: 43 daAuts
     D:2: 9 daAuts
